 Dungeon Crawl Stone Soup version 0.19.0-22-gd96e5fe (webtiles) character file.

113 Jerry the Slasher (level 4, 0/37 HPs)
             Began as a Demonspawn Berserker on Nov 19, 2016.
             Was a Believer of Trog.
             Succumbed to a gnoll's poison
             ... on level 3 of the Dungeon.
             The game lasted 00:05:57 (1913 turns).

Jerry the Slasher (Demonspawn Berserker)            Turns: 1913, Time: 00:05:58

Health: 0/37       AC:  5    Str: 17    XL:     4   Next: 65%
Magic:  13/13      EV: 12    Int: 11    God:    Trog [**....]
Gold:   82         SH:  0    Dex: 14    Spells: 0 memorised, 3 levels left

rFire  x . .     SeeInvis .     a - +0 falchion
rCold  + . .     Gourm    .     l - +1 animal skin
rNeg   . . .     Faith    .     (no shield)
rPois  .         Spirit   .     m - +1 helmet {Int+3}
rElec  .         Reflect  .     (no cloak)
rCorr  .         Harm     .     (no gloves)
MR     .....                    (no boots)
Stlth  +.........               (no amulet)
                                j - ring of ice
                                e - ring of magical power

@: lethally poisoned (0 -> -14), exhausted, slowed, very slow
A: powered by death 1
a: Berserk, Trog's Hand, Burn Spellbooks, Renounce Religion


You were on level 3 of the Dungeon.
You worshipped Trog.
Trog was pleased with you.
You were not hungry.

You visited 1 branch of the dungeon, and saw 3 of its levels.

You collected 82 gold pieces.

Inventory:

Hand Weapons
 a - a +0 falchion (weapon)
Missiles
 i - a throwing net (quivered)
Armour
 l - a +1 animal skin (worn)
 m - a +1 helmet of intelligence (worn)
Jewellery
 e - a ring of magical power (left hand)
 j - a ring of ice (right hand)
Scrolls
 b - 2 scrolls of teleportation {unknown}
 g - a scroll of magic mapping {unknown}
 o - a scroll of identify {unknown}
Potions
 d - a potion of flight {unknown}
 f - a potion of invisibility {unknown}
 h - 2 potions of curing
Comestibles
 c - a bread ration


   Skills:
 + Level 3.8 Fighting
 * Level 4.1 Long Blades
 + Level 2.4 Armour
 - Level 1.7 Dodging


You had 3 spell levels left.
You didn't know any spells.

Dungeon Overview and Level Annotations

Branches:
Dungeon (3/15)

Altars:
Makhleb
Trog

Annotations:
D:2 Sigmund
D:3 LupusAter's ghost, amateur VSEn


Innate Abilities, Weirdness & Mutations

You regenerate a little health from kills.


Message History

You slash the gnoll!
You kill the gnoll!
Trog accepts your kill.
You feel sick.
You feel sick.
Items here: ( )) †† a hunting sling; an uncursed club; 21 stones; a gnoll corpse; a goblin corpse Butcher a gnoll corpse? [(y)es/(c)hoosy/(n)o/(a)ll/(e)dible/(q)uit/?]
Butcher a goblin corpse? [(y)es/(c)hoosy/(n)o/(a)ll/(e)dible/(q)uit/?]
You butcher the gnoll corpse.
You feel a strong urge to attack something.
You are no longer berserk.
You are exhausted.
You stop butchering the corpse.
You feel yourself slow down.
You feel sick.
You feel very sick.
You see here a spear of venom.
You feel sick.
You see here a stone.
You start resting.
You feel sick.
You die...

#....# #..#.#.# ..#.#.##
#......# #.)#...# #.$#...#
#.))...# ##)#...# #@#<..#
#.#...###########
#.#.............#
################...>########.#!#
...#....†................ .#
.#.#.###################. ..
.#.#.#.........# ##.
.#.#.#.#######.# ..
.....#......<#.# ..


There were no monsters in sight!

Vanquished Creatures
  A worker ant (D:3)
  Robin (D:2)
  3 gnolls (D:3)
  2 worms
  A giant cockroach (D:2)
  12 goblins
  9 hobgoblins
  A quokka (D:2)
  2 ball pythons (D:2)
  3 frilled lizards
  5 kobolds
  5 rats
45 creatures vanquished.

Notes
Turn   | Place    | Note
-------+----------+-------------------------------------------
     0 | D:1      | Jerry the Demonspawn Berserker began the quest for the Orb.
     0 | D:1      | Reached XP level 1. HP: 18/18 MP: 1/1
    54 | D:1      | Reached skill level 3 in Long Blades
   211 | D:1      | Gained mutation: You regenerate a little health from kills. [demonic ancestry]
   211 | D:1      | Reached XP level 2. HP: 17/24 MP: 2/2
   423 | D:2      | Noticed Robin
   440 | D:2      | Killed Robin
   449 | D:2      | Reached XP level 3. HP: 19/29 MP: 3/3
   543 | D:2      | Reached ** piety under Trog
   598 | D:2      | Found a bloodstained altar of Trog.
   852 | D:2      | Noticed Sigmund
  1100 | D:3      | Reached XP level 4. HP: 19/36 MP: 4/4
  1305 | D:3      | Noticed LupusAter's ghost (amateur VSEn)
  1656 | D:2      | Found a burning altar of Makhleb.
  1904 | D:3      | Reached skill level 4 in Long Blades
  1907 | D:3      | HP: 2/55 [poisoned by a gnoll]
  1913 | D:3      | Succumbed to a gnoll's poison

Skill      XL: |  1  2  3  4 |
---------------+-------------+-----
Long Blades    | 3 4 |  4.1
Armour         | 2 |  2.4
Fighting       | |  3.8
Dodging        | |  1.7

Action                   |  1- 3 |  4- 6 || total
-------------------------+-------+-------++-------
Melee: Falchion          |    91 |    36 ||   127
Invok: Berserk           |     1 |     1 ||     2
  Use: Potion            |     2 |     1 ||     3
  Eat: Chunk             |     1 |       ||     1
       Bread ration      |       |     1 ||     1
Armor: Animal skin       |    28 |     8 ||    36
Dodge: Dodged            |    58 |    17 ||    75
       Rpst.: Falchion   |    25 |     3 ||    28
